 Dungeon Crawl Stone Soup version 0.31.0-11-ge490571c62 (webtiles) character file.

Game seed: 17427220124311283385

156 qw the Skirmisher (level 5, 0/29 HPs)
             Began as a Deep Elf Hunter on Feb 4, 2024.
             Slain by an orc warrior
             ... wielding a +0 short sword
              (2 damage)
             ... on level 4 of the Dungeon.
             The game lasted 00:00:09 (2749 turns).

qw the Skirmisher (Deep Elf Hunter)                 Turns: 2749, Time: 00:00:10

Health: 0/29       AC:  7    Str: 10    XL:     5   Next: 14%
Magic:  7/7        EV: 12    Int: 14    God:
Gold:   174        SH:  0    Dex: 24    Spells: 4/4 levels left

rFire   . . .        a - +1 shortbow
rCold   . . .        (shield currently unavailable)
rNeg    . . .        d - +0 ring mail
rPois   +            (no helmet)
rElec   .            (no cloak)
rCorr   .            (no gloves)
SInv    +            (no boots)
Will    .....        (no amulet)
Stlth   ++           j - +6 ring of dexterity
HPRegen 0.24/turn    Y - ring of see invisible
MPRegen 0.10/turn

%: no passive effects
@: about to teleport, hasted, very quick
A: iridescent scales 1, poison resistance
a: no special abilities


You were on level 4 of the Dungeon.
You visited 1 branch of the dungeon, and saw 4 of its levels.

You collected 174 gold pieces.


Innate Abilities, Weirdness & Mutations

You are partially covered in iridescent scales. (AC +2)
Your system is resistant to poisons. (rPois)


   Skills:
 - Level 1.5 Fighting
 + Level 8.3 Ranged Weapons
 - Level 3.0 Dodging
 - Level 1.2 Stealth


You had 4 spell levels left.
You didn't know any spells.
Your spell library was empty.

Inventory:

Hand Weapons
 a - a +1 shortbow (weapon)
Armour
 d - a +0 ring mail (worn)
Jewellery
 j - a +6 ring of dexterity (left hand)
 Y - a ring of see invisible (right hand)
Scrolls
 c - a scroll of blinking {unknown}
 h - a scroll of teleportation
Potions
 b - a potion of attraction {unknown}
 e - 2 potions of curing
 f - a potion of heal wounds {unknown}
 g - 2 potions of enlightenment

Dungeon Overview and Level Annotations

Branches:
Dungeon (4/15)
 Temple: D:4-7

Altars:
Uskayaw


Message History

A gnoll comes into view. It is wielding a +0 club.
2741 ||| DRINKING potion of haste.
You feel yourself speed up.
The orc warrior hits you with a +0 short sword.
The orc priest casts a cantrip, but nothing happens.
You shoot an arrow. The orc shouts!
The arrow hits the orc warrior but does no damage.
The orc warrior hits you but does no damage.
A gnoll comes into view. It is wielding a +0 flail.
You shoot an arrow.
The arrow closely misses the orc warrior.
The arrow closely misses the orc priest.
The gnoll shouts!
The arrow hits the orc.
You kill the orc!
The orc warrior barely misses you.
You shoot an arrow.
The arrow hits the orc warrior but does no damage.
You shoot an arrow. The arrow hits the orc warrior!
The orc warrior is moderately wounded.
The orc warrior closely misses you.
You shoot an arrow.
The arrow hits the orc warrior but does no damage.
The orc warrior is moderately wounded.
A gnoll comes into view. It is wielding a +0 spear.
The orc priest calls down the wrath of Beogh upon you.
Beogh smites you!
The orc warrior hits you with a +0 short sword!
2747 ||| READING 2 scrolls of teleportation.
As you read the scroll of teleportation, it crumbles to dust.
You feel strangely unstable. The orc warrior barely misses you.
You shoot an arrow. The arrow hits the orc warrior.
The orc warrior is heavily wounded.
You shoot an arrow.
The arrow barely misses the orc warrior.
The arrow hits the orc priest!
The orc priest is heavily wounded.
The orc warrior hits you with a +0 short sword.
You die... .....# #....# #g...# #....# .gg.# ooo

#o# #@######
#......###
######...##+#####
###########.........
#.......# #..##...###
#.......###.......[.
#..........#.#.##.###
#.......##.#.#.......
#.......##.#.##......


You could see an orc warrior, 2 orc priests, 3 gnolls and an orc.

Vanquished Creatures
  Terence (D:2)
  6 adders
  2 ribbon worms
  A dart slug (D:3)
  3 orcs
  8 endoplasms
  4 giant cockroaches
  7 goblins
  4 hobgoblins
  9 jackals
  7 kobolds
  2 ball pythons
  A bat (D:2)
  3 frilled lizards
  5 rats
63 creatures vanquished.

Notes
Turn   | Place    | Note
-------+----------+-------------------------------------------
     0 | D:1      | qw the Deep Elf Hunter began the quest for the Orb.
     0 | D:1      | Reached XP level 1. HP: 12/12 MP: 3/3
     0 | D:1      | 0 ||| qw: Version: 0.3-a-160-g6735b56
     0 | D:1      | 0 ||| qw: Game counter: 5481
     0 | D:1      | 0 ||| qw: Melee chars always use a shield: true
     0 | D:1      | 0 ||| qw: God list: Okawaru
     0 | D:1      | 0 ||| qw: Allow faded altars: false
     0 | D:1      | 0 ||| qw: Do Orc after clearing Dungeon:15 true
     0 | D:1      | 0 ||| qw: Do second Lair branch before Depths: true
     0 | D:1      | 0 ||| qw: Lair rune preference: random
     0 | D:1      | 0 ||| qw: Goals: Normal
     0 | D:1      | 0 ||| PLANNING D:1-11
   110 | D:1      | Reached XP level 2. HP: 15/16 MP: 4/4
   115 | D:1      | Reached skill level 6 in Ranged Weapons
   734 | D:1      | 734 ||| UPGRADING to ring of see invisible.
   735 | D:1      | 735 ||| READING scroll labelled SIETATZODOOXKU.
   836 | D:1      | 836 ||| DRINKING 2 brown potions.
   837 | D:1      | 837 ||| DROPPING scroll of butterflies.
   917 | D:2      | Reached XP level 3. HP: 20/20 MP: 5/5
  1035 | D:2      | HP: 5/20 [poisoned by an adder]
  1224 | D:2      | Reached skill level 7 in Ranged Weapons
  1250 | D:2      | Noticed Terence
  1267 | D:2      | Killed Terence
  1268 | D:2      | Reached XP level 4. HP: 14/25 MP: 6/6
  1327 | D:2      | Found a hide-covered altar of Uskayaw.
  1826 | D:2      | 1826 ||| DROPPING ring of magical power.
  1827 | D:2      | 1827 ||| UPGRADING to ring of poison resistance.
  1828 | D:2      | 1828 ||| UPGRADING to +6 ring of dexterity.
  1830 | D:2      | 1830 ||| READING 2 scrolls labelled JECSIJ COGOME.
  1834 | D:2      | 1834 ||| READING scroll labelled NUMNYC LUXU.
  1834 | D:2      | 1834 ||| ENCHANTING +0 shortbow.
  1835 | D:2      | 1835 ||| READING scroll labelled KOWNUT NEAR.
  1936 | D:2      | 1936 ||| READING scroll labelled NOARES LIXTI.
  1936 | D:2      | 1936 ||| IDENTIFYING metallic clear potion
  1937 | D:2      | 1937 ||| DRINKING 2 metallic emerald potions.
  1937 | D:2      | Gained mutation: You sometimes lose your temper in combat.
                  | [potion of mutation]
  1938 | D:2      | 1938 ||| DRINKING potion of mutation.
  1938 | D:2      | Lost mutation: You sometimes lose your temper in combat.
                  | [potion of mutation]
  1938 | D:2      | Gained mutation: You are partially covered in iridescent
                  | scales. (AC +2) [potion of mutation]
  1938 | D:2      | Gained mutation: Your system is resistant to poisons.
                  | (rPois) [potion of mutation]
  1939 | D:2      | 1939 ||| REMOVING ring of poison resistance.
  1940 | D:2      | 1940 ||| DROPPING ring of poison resistance.
  1941 | D:2      | 1941 ||| UPGRADING to ring of see invisible.
  1942 | D:2      | 1942 ||| DRINKING 2 fuming puce potions.
  2043 | D:3      | Reached skill level 3 in Dodging
  2158 | D:3      | Reached skill level 8 in Ranged Weapons
  2333 | D:3      | Found a faded altar of an unknown god.
  2536 | D:3      | 2536 ||| UPGRADING to +0 ring mail.
  2546 | D:3      | 2546 ||| DROPPING +0 leather armour.
  2547 | D:3      | 2547 ||| READING scroll labelled YMELON QALLO.
  2575 | D:4      | Reached XP level 5. HP: 28/29 MP: 7/7
  2740 | D:4      | Noticed an orc warrior
  2741 | D:4      | 2741 ||| DRINKING potion of haste.
  2746 | D:4      | HP: 1/29 [orc warrior/+0 short sword (10)]
  2747 | D:4      | 2747 ||| READING 2 scrolls of teleportation.
  2749 | D:4      | Slain by an orc warrior

Levels and vault maps discovered:
D:1:      psy_arrival_radial02, layout_loops_ring, minmay_crystal_water
D:2:      layout_basic, basic_altar, uniq_terence
D:3:      layout_basic, shapermc_ecumenical_altar_totnotflames,
          nicolae_concentric_dashed_squares_mild
D:4:      layout_basic, minmay_temple_entry_ruins

Skill      XL: |  1  2  3  4 |
---------------+-------------+-----
Ranged Weapons | 6 7 8 |  8.3
Dodging        | 3 |  3.0
Fighting       | |  1.5
Stealth        | |  1.2

Action                     |  1- 3 |  4- 6 || total
---------------------------+-------+-------++-------
   Fire: Shortbow          |    83 |   116 ||   199
    Use: Scroll            |     1 |     6 ||     7
         Potion            |     1 |     4 ||     5
 Armour: Leather armour    |    17 |    16 ||    33
         Ring mail         |       |     9 ||     9
  Dodge: Dodged            |    32 |    30 ||    62

Table legend:
 A = Non-vault XP
 B = Vault XP
 C = Vault XP percentage of total XP
 D = Non-vault monster count
 E = Vault monster count
 F = Vault count percentage of total count
                 A         B        C        D         E       F
            +---------+---------+-------+---------+---------+-------
      Total |     187 |      36 |  16.1 |      62 |       1 |   1.6
            +---------+---------+-------+---------+---------+-------
        D:1 |      31 |       0 |   0.0 |      18 |       0 |   0.0
        D:2 |      74 |      36 |  32.7 |      22 |       1 |   4.3
        D:3 |      46 |       0 |   0.0 |      16 |       0 |   0.0
        D:4 |      36 |       0 |   0.0 |       6 |       0 |   0.0
            +---------+---------+-------+---------+---------+-------
